← All builds
Geo / Armada / Economy first / OBSERVED BUILD

Sharpshooter snipers

Armada Geo build order · Supreme Isthmus

Geo builds an Advanced Bot Lab and pushes T2 Sharpshooter snipers to the middle from about 8:30, trading the usual vehicle/Starlight push for bot snipers.

Usually blows up the commander for T2 (66%)

#t2 #raid · 40 distinct matches · 26 players · 1% of Armada Geo games · team won 41% of 41 · Recently observed

THE CATCH, AND WHAT COMES WITH IT
  • SharpshooterT2 bot snipers from 8:30 · 3% of role by thenFrom the Advanced Bot Lab. Only 3% of Geo games have it by then; others who build it get it around 9:32
  • Advanced Bot LabAdvanced Bot Lab in 100%7% of all Geo games by then
  • SmugglerJammer bot in 90%3% of all Geo games by then
  • SharpshooterSniper bot in 44%2% of all Geo games by then
  • SprinterSprinter in 44%5% of all Geo games by then

Where those units first fight, in 41 games with kill data: in the middle 88%, on their own side 12%.

Those units destroy a typical 4,761 metal of enemy units by 15:00.

Then transitions into Welder (10% of army).

HOW TO PLAY IT

Key timing: Advanced Bot Lab by 6:51

  1. Open mex and wind into geo, standard Geo eco start.
  2. Rush Advanced Bot Lab straight off geothermal power.
  3. Pump Sharpshooter sniper bots to hold the middle.
  4. Add jammer bot support behind the snipers for cover.
  5. Shift build power to T2 cons and supply allies as usual.

Phase by phase

TYPICAL OF ITS 40 GAMES · AGAINST STANDARD GEO
  1. 1
  2. 2
  3. 3
  4. 4
  5. 5
PLAY THE OPENING

Follow the example game's first 9:31 step by step: what to build now, what comes next, and where it goes. At 1× it keeps pace with your own game.

  1. 1

    Up to the Bot Lab

    Economy
    • Metal Extractor3Mex
    • Wind Turbine4Wind
    Order
    1. Bot LabBot Lab after 3 mex, 4 winddone ~1:12, middle half 0:59–1:22

    By 0:55 in all: 3 mex · 4 wind

    The example game in this phase · 4 steps
    1. Mex ×3
    2. Solar
    3. Wind ×2
    4. Bot LabBot Labdone 1:17 · typical 1:12
  2. 2

    Bot Lab to 5:00

    Economy
    • Metal Extractor1Mex
    • Wind Turbine4Wind
    • Energy Converter7Converter
    • Energy Storage1Energy storage
    Order
    1. Geothermal PowerplantGeo after 4 mex, 6 wind
    2. Bot LabEat Bot Lab
    Builders
    • Construction Turret5 Con turret
    • Lazarus4 Lazarus
    • Construction Bot2 Con bot
    • Lazarus1 Lazarus for allies
    • Construction Bot1 Con bot for allies

    By 5:00 in all: 4 mex · 7 wind · 1 geo · 7 converter · 1 energy storage · 5 con turret

    The example game in this phase · 20 steps
    1. Wind
    2. LazarusLazarus ×2
    3. Wind
    4. Construction BotCon botfor Beach sea
    5. Wind ×2
    6. Energy storage
    7. LazarusLazarus
    8. Construction BotCon bot
    9. TickTick
    10. Wind
    11. TickTick ×3
    12. Mex
    13. TickTick
    14. LazarusLazarus ×2
    15. Construction BotCon bot
    16. LazarusLazarus ×2
    17. Construction BotCon bot
    18. Geothermal PowerplantGeodone 4:46 · typical 3:29
    19. Energy storage ×2
    20. Con turret ×3
  3. 3

    5:00 to Advanced Bot Lab

    Order
    1. Advanced Geothermal PowerplantAdvanced Geothermal Powerplant after 11 wind, 9 converter, 6 con turretin 56% of games
    2. Advanced Bot LabAdvanced Bot Lab after 10 wind, 9 converter, 6 con turretdone ~7:44, middle half 5:33–8:12

    Some games also: con turret (46%) · converter (44%) · wind (39%)

    By 7:03 in all: 4 mex · 11 wind · 1 geo · 1 Advanced Geothermal Powerplant · 9 converter · 1 energy storage

    The example game in this phase · 14 steps
    1. Converter
    2. Con turret
    3. Bot LabEat Bot Labreclaimed for its metal
    4. Advanced Metal ExtractorT2 mexdone 5:31 · typical 5:41
    5. Converter
    6. Advanced Metal ExtractorT2 mex
    7. Converter
    8. Advanced Geothermal PowerplantAdvanced Geothermal Powerplantdone 7:33 · typical 7:25
    9. Converter ×2
    10. Advanced Metal ExtractorT2 mex
    11. Converter
    12. Advanced Metal ExtractorT2 mex
    13. Converter ×8
    14. Advanced Bot LabAdvanced Bot Labdone 8:02 · typical 7:44
  4. 4

    Advanced Bot Lab to T2 bot snipers

    Order
    1. SharpshooterT2 bot snipers after 16 wind, 12 converter, 6 con turretdone ~8:51, middle half 7:55–9:40

    Some games also: converter (49%) · T2 con bot for allies (41%) · wind (34%)

    By 8:30 in all: 4 mex · 16 wind (standard 12) · 1 geo · 1 Advanced Geothermal Powerplant · 12 converter · 1 energy storage

    The example game in this phase · 4 steps
    1. Converter ×4
    2. FatboyFatboydone 8:25
    3. Converter ×2
    4. SharpshooterSniper botdone 8:41 · typical 8:51
  5. 5

    T2 bot snipers to 15:00

    Economy
    • Wind Turbine68Wind+48 vs standard
    • Energy Converter16Converter+13 vs standard
    Builders
    • Construction Turret3 Con turret +2 vs standard
    • Butler3 Butler +3 vs standard
    • Advanced Construction Bot1 T2 con bot for allies
    • Advanced Construction Bot1 T2 con bot
    Army
    • Sharpshooter5 Sniper bot +5 vs standard
    • Smuggler1 Jammer bot
    • Compass1 Radar bot

    Some games also: fusion (41%) · Welder (37%) · eat Advanced Bot Lab (34%)

    The standard build makes here, this one skips: 7 Jaguar

    By 15:00 in all: 4 mex · 78 wind (standard 36) · 1 geo · 1 Advanced Geothermal Powerplant · 27 converter (standard 19) · 1 energy storage

    The example game in this phase · 88 steps
    1. Converter ×2
    2. SharpshooterSniper bot ×2
    3. Con turret
    4. SharpshooterSniper bot
    5. Con turret
    6. CompassRadar bot
    7. SmugglerJammer bot
    8. HoundHound ×5
    9. ButlerButler ×4
    10. Con turret ×2
    11. Fusion ReactorFusiondone 11:54
    12. Con turret ×2
    13. Wind
    14. Con turret
    15. Converter
    16. Wind
    17. Converter
    18. Wind ×2
    19. Converter
    20. Wind
    21. Fusion ReactorFusion
    22. Advanced Construction BotT2 con bot
    23. Converter
    24. Wind ×2
    25. Converter
    26. Wind
    27. Converter
    28. Wind ×2
    29. Converter
    30. Advanced Construction BotT2 con botfor Front
    31. Wind
    32. Converter
    33. Wind
    34. Converter
    35. Wind
    36. Converter ×2
    37. Wind
    38. Converter
    39. Wind
    40. Converter ×2
    41. Wind
    42. Converter
    43. Wind
    44. Converter
    45. Wind
    46. Converter ×2
    47. Wind
    48. CitadelAnti-nukedone 14:06
    49. Converter
    50. Wind
    51. Con turret
    52. Converter
    53. Con turret
    54. Wind
    55. Con turret
    56. Converter
    57. PlatypusPlatypus
    58. Con turret
    59. Wind
    60. Con turret
    61. Converter
    62. Wind
    63. Con turret
    64. Converter
    65. Con turret
    66. Wind
    67. Converter
    68. Wind
    69. Converter ×2
    70. Wind
    71. Converter
    72. Wind
    73. Converter
    74. Wind
    75. Converter
    76. Metal storage ×2
    77. Converter
    78. Metal storage
    79. Wind
    80. Converter
    81. Wind
    82. Con turret ×3
    83. Converter
    84. Wind
    85. Con turret
    86. Wind
    87. Mex
    88. Wind ×2

Counts are medians over the build's games: half of them build more, half fewer. The example game is Oxdog's (33 OS, 01/10/2026); pick another.

Team trades

IN AT LEAST 30% OF ITS GAMES

You hand over

  • Lazarus1 Lazarus to Beach sea or Suicide frontfirst at 2:16 · in 73% of games
  • Construction Bot1 Con bot to Beach seafirst at 2:35 · in 83% of games
  • Advanced Construction Bot1 T2 con bot to Suicide front or Frontfirst at 8:44 · in 80% of games

You get

  • Hercules1 Light transport from Airfirst at 3:11 · in 39% of games
  • Advanced Construction Bot1 T2 con bot from Techfirst at 4:47 · in 73% of games

How it plays out

Typical game of this build against the role’s standard build, running totals by minute

  • This build
  • Standard geo

Metal produced

020k40k
0:005:0010:0015:00

metal

Enemy metal destroyed

05k10k15k
0:005:0010:0015:00

metal

Own metal lost

02k4k6k
0:005:0010:0015:00

metal

41 games.

Show as table
ByMetal produced: This buildMetal produced: Standard geoEnemy metal destroyed: This buildEnemy metal destroyed: Standard geoOwn metal lost: This buildOwn metal lost: Standard geo
1:003483330000
2:008678590000
3:00154515270000
4:00273126710000
5:00375136940000
6:00569456380000
7:0075368023210740
8:0010531113453102040
9:0013462144071104322384
10:001623917278786479260200
11:00193932012012011748543520
12:0022137229922881362113851607
13:0025487257344827591017882971
14:0028453285836084824830124426
15:00323163135472821020538925580
WHAT THE NUMBERS SAY

Team won less than the standard build despite the snipers' kills, and killed less enemy metal by 15:00 than standard.

  • + Reaches T2 bot lab far earlier than 86% norm of role
  • + Fields T2 bot support (jammer) when almost no one else does by 8:52
  • − Team win rate 35% vs 54% for standard build
  • − Metal produced trails standard by 10:00 (15895 vs 17434)
THE EXAMPLE YOU ARE READING

Oxdog

33.1 OS · 01/10/2026

Open source match ↗

2 received units · includes a constructor
271 metal received · 58840 energy received

Allied construction assistance is unknown. Timings are observations, not a promise of solo reproducibility.

Typical milestones

Bot Lab1:12Middle 50%: 0:59–1:22 · n=41
Geothermal Powerplant3:29Middle 50%: 3:17–3:47 · n=39
Advanced Metal Extractor5:41Middle 50%: 5:28–6:00 · n=41
Advanced Geothermal Powerplant7:25Middle 50%: 7:02–8:23 · n=32
Advanced Bot Lab7:44Middle 50%: 5:33–8:12 · n=41
Sharpshooter8:51Middle 50%: 7:55–9:40 · n=41

Played most by

[NWP]Bertus99127games of this build[Crd]Mind_The_Gap5games of this buildImmort4games of this buildhaaven3games of this build_Trixtreous_1game of this build